NWL (28 & UNDER)
MENLO MANIACS @ CULVER CITY EXTRAS
09/12/2025
 
TOP OF THE 1ST
Menlo Maniacs batting - Pitching for Culver City Extras : RHP Diego González
Pitching: RHP Diego González
Batting: RHB Ernest Russell 0-0: Foul Ball, location: 2F
0-1: SINGLE (Groundball, 5D)
Batting: RHB Steve Sampson 0-0: Ball
1-0: Ball
2-0: SINGLE (Line Drive, 5)
Ernest Russell to second
Batting: LHB Arthur Hall 0-0: Ball
1-0: Fly out, F8 (Flyball, 8LD)
Runner from 2nd tags up, SAFE at 3rd, no throw
Batting: LHB Patrick Bright 0-0: Ball
1-0: Fly out, F6 (Popup, 4MD)
Batting: RHB Chan-u O 0-0: SINGLE (Line Drive, 78S)
Ernest Russell scores
Steve Sampson to second
Batting: LHB Jeff Tucker 0-0: Ball
1-0: Ball
2-0: Called Strike
2-1: Swinging Strike
2-2: DOUBLE (Line Drive, 9D)
Steve Sampson scores
Chan-u O to third
Runner from 3rd tries for Home, SAFE, no throw or cutoff
Batting: LHB Pedro Rodríguez 0-0: Foul Ball, location: 2F
0-1: Ball
1-1: Ball
2-1: SINGLE (Groundball, 34D)
Jeff Tucker to third
Batting: RHB Jesús Cuevas 0-0: Ball
1-0: DOUBLE (Line Drive, 7LS)
Jeff Tucker scores
Pedro Rodríguez to third
Batting: SHB António Trinidad 0-0: Ball
1-0: Ball
2-0: Ball
3-0: Called Strike
3-1: Swinging Strike
3-2: Ground out 6-3 (Groundball, 6)
Top of the 1st over - 4 run(s), 6 hit(s), 0 error(s), 2 left on base; Menlo 4 - Culver City 0
BOTTOM OF THE 1ST
Culver City Extras batting - Pitching for Menlo Maniacs : LHP Phil Davis
Pitching: LHP Phil Davis
Batting: RHB Jesús Hernández 0-0: Ground out 5-3 (Groundball, 56)
Batting: LHB Larry Howard 0-0: Fly out, F7 (Flyball, 7M)
Batting: RHB Max Alexander 0-0: Called Strike
0-1: Ball
1-1: Called Strike
1-2: Ball
2-2: Strikes out looking
Bottom of the 1st over - 0 run(s), 0 hit(s), 0 error(s), 0 left on base; Menlo 4 - Culver City 0
TOP OF THE 2ND
Menlo Maniacs batting - Pitching for Culver City Extras : RHP Diego González
Batting: RHB Ernest Russell 0-0: Swinging Strike
0-1: Ball
1-1: Ball
2-1: Called Strike
2-2: Ball
3-2: SINGLE (Groundball, 15S) (infield hit)
Batting: RHB Steve Sampson 0-0: Ball
1-0: Called Strike
1-1: Ball
2-1: Fly out, F3 (Popup, 23F)
Batting: LHB Arthur Hall 0-0: Foul Ball, location: 2F
0-1: Ball
1-1: Called Strike
1-2: Fly out, F6 (Line Drive, 6)
Batting: LHB Patrick Bright 0-0: Called Strike
0-1: Ball
1-1: Ball
2-1: Called Strike
2-2: Ball
3-2: Foul Ball, location: 2F
3-2: Foul Ball, location: 2F
3-2: SINGLE (Flyball, 78S)
Ernest Russell to second
Ernest Russell to third
Batting: RHB Chan-u O 0-0: Ball
1-0: Swinging Strike
1-1: Called Strike
1-2: Strikes out swinging
Top of the 2nd over - 0 run(s), 2 hit(s), 0 error(s), 2 left on base; Menlo 4 - Culver City 0
BOTTOM OF THE 2ND
Culver City Extras batting - Pitching for Menlo Maniacs : LHP Phil Davis
Batting: RHB Bob Magee 0-0: Called Strike
0-1: Swinging Strike
0-2: Ball
1-2: Ball
2-2: Strikes out looking
Batting: RHB Walton Smith 0-0: Ball
1-0: Ball
2-0: Foul Ball, location: 2F
2-1: Called Strike
2-2: Foul Ball, location: 2F
2-2: Foul Ball, location: 2F
2-2: Foul Ball, location: 2F
2-2: Ball
3-2: Strikes out looking
Batting: LHB Edmund Ross 0-0: SINGLE (Groundball, 4MD)
Batting: LHB Brian Ford 0-0: Called Strike
0-1: Ground out 1-3 (Groundball, 23)
Bottom of the 2nd over - 0 run(s), 1 hit(s), 0 error(s), 1 left on base; Menlo 4 - Culver City 0
TOP OF THE 3RD
Menlo Maniacs batting - Pitching for Culver City Extras : RHP Diego González
Batting: LHB Jeff Tucker 0-0: Ball
1-0: SINGLE (Groundball, 25) (infield hit)
Batting: LHB Pedro Rodríguez 0-0: Called Strike
0-1: Foul Ball, location: 2F
0-2: Ball
1-2: Ball
2-2: Ball
3-2: Foul Ball, location: 2F
3-2: Base on Balls
Jeff Tucker to second
Batting: RHB Jesús Cuevas 0-0: Ball
1-0: Ball
2-0: SINGLE (Line Drive, 7S)
Jeff Tucker to third
Pedro Rodríguez to second
Batting: SHB António Trinidad 0-0: Ball
1-0: Swinging Strike
1-1: Foul Ball, location: 2F
1-2: Strikes out looking
Batting: RHB Ernest Russell 0-0: Called Strike
0-1: Ball
1-1: Foul Ball, location: 2F
1-2: Ball
2-2: Foul Ball, location: 2F
2-2: Fly out, F8 (Flyball, 89D)
Runner from 3rd tags up, SCORES, no throw
Pedro Rodríguez to third
Batting: RHB Steve Sampson 0-0: Ball
1-0: Ball
2-0: Swinging Strike
2-1: Foul Ball, location: 2F
2-2: Ball
3-2: Strikes out swinging
Top of the 3rd over - 1 run(s), 2 hit(s), 0 error(s), 2 left on base; Menlo 5 - Culver City 0
BOTTOM OF THE 3RD
Culver City Extras batting - Pitching for Menlo Maniacs : LHP Phil Davis
Batting: RHB Carlos Rodríguez 0-0: Ball
1-0: Fly out, F3 (Line Drive, 3)
Batting: LHB Nick English 0-0: Ball
1-0: Ball
2-0: Called Strike
2-1: Ball
3-1: Foul Ball, location: 2F
3-2: Foul Ball, location: 2F
3-2: SINGLE (Groundball, 34D)
Batting: RHB Jesús Hernández 0-0: Called Strike
0-1: Foul Ball, location: 2F
0-2: Ball
1-2: Foul Ball, location: 2F
1-2: Ball
2-2: Ground out 6-3 (Groundball, 6M)
Nick English to second
Batting: LHB Larry Howard 0-0: Fly out, F8 (Flyball, 8LD)
Bottom of the 3rd over - 0 run(s), 1 hit(s), 0 error(s), 1 left on base; Menlo 5 - Culver City 0
TOP OF THE 4TH
Menlo Maniacs batting - Pitching for Culver City Extras : RHP Diego González
Batting: LHB Arthur Hall 0-0: Called Strike
0-1: Ball
1-1: Ball
2-1: Foul Ball, location: 2F
2-2: Fly out, F5 (Popup, 5SF)
Batting: LHB Patrick Bright 0-0: Ball
1-0: Swinging Strike
1-1: Swinging Strike
1-2: Strikes out looking
Batting: RHB Chan-u O 0-0: Ball
1-0: Called Strike
1-1: SINGLE (Groundball, 6MD) (infield hit)
Batting: LHB Jeff Tucker 0-0: Called Strike
Chan-u O steals 2nd base
0-1: Ball
1-1: Ball
2-1: Ball
3-1: Swinging Strike
3-2: Foul Ball, location: 2F
3-2: Strikes out looking
Top of the 4th over - 0 run(s), 1 hit(s), 0 error(s), 1 left on base; Menlo 5 - Culver City 0
BOTTOM OF THE 4TH
Culver City Extras batting - Pitching for Menlo Maniacs : LHP Phil Davis
Batting: RHB Max Alexander 0-0: Foul Ball, location: 2F
0-1: Ground out 1-3 (Groundball, 13S)
Batting: RHB Bob Magee 0-0: Ball
1-0: Foul Ball, location: 2F
1-1: Ball
2-1: Foul Ball, location: 2F
2-2: Ball
3-2: Foul Ball, location: 2F
3-2: Strikes out looking
Batting: RHB Walton Smith 0-0: Called Strike
0-1: Foul Ball, location: 2F
0-2: Ball
1-2: Ball
2-2: Ball
3-2: Ground out 4-3 (Groundball, 4)
Bottom of the 4th over - 0 run(s), 0 hit(s), 0 error(s), 0 left on base; Menlo 5 - Culver City 0
TOP OF THE 5TH
Menlo Maniacs batting - Pitching for Culver City Extras : RHP Diego González
Pitching: RHP Mark Greene
Batting: LHB Pedro Rodríguez 0-0: Swinging Strike
0-1: Ball
1-1: Fly out, F5 (Popup, 5SF)
Batting: RHB Jesús Cuevas 0-0: Called Strike
0-1: Ball
1-1: Foul Ball, location: 2F
1-2: Fly out, F7 (Flyball, 7M)
Batting: SHB António Trinidad 0-0: Ball
1-0: SINGLE (Groundball, 56D)
Batting: RHB Ernest Russell 0-0: Called Strike
0-1: Called Strike
0-2: Ball
1-2: Ball
2-2: Strikes out swinging
Top of the 5th over - 0 run(s), 1 hit(s), 0 error(s), 1 left on base; Menlo 5 - Culver City 0
BOTTOM OF THE 5TH
Culver City Extras batting - Pitching for Menlo Maniacs : LHP Phil Davis
Batting: LHB Edmund Ross 0-0: Called Strike
0-1: Called Strike
0-2: Strikes out swinging
Batting: LHB Brian Ford 0-0: Ground out 4-3 (Groundball, 4M)
Batting: RHB Carlos Rodríguez 0-0: Swinging Strike
0-1: DOUBLE (Groundball, 5L)
Batting: LHB Nick English 0-0: Ball
1-0: Called Strike
1-1: Ball
2-1: Ball
3-1: Foul Ball, location: 2F
3-2: SINGLE (Line Drive, 89M)
Carlos Rodríguez to third
Carlos Rodríguez scores
Batting: RHB Jesús Hernández 0-0: Called Strike
0-1: TRIPLE (Groundball, 3L)
Nick English scores
Batting: LHB Larry Howard 0-0: Ball
1-0: Called Strike
1-1: Foul Ball, location: 2F
1-2: Ground out 4-3 (Groundball, 4M)
Bottom of the 5th over - 2 run(s), 3 hit(s), 0 error(s), 1 left on base; Menlo 5 - Culver City 2
TOP OF THE 6TH
Menlo Maniacs batting - Pitching for Culver City Extras : RHP Mark Greene
Batting: RHB Steve Sampson 0-0: Called Strike
0-1: Foul Ball, location: 2F
0-2: Strikes out looking
Batting: LHB Arthur Hall 0-0: Foul Ball, location: 2F
0-1: Ball
1-1: Foul Ball, location: 2F
1-2: Ball
2-2: Ball
3-2: Foul Ball, location: 2F
3-2: Base on Balls
Batting: LHB Patrick Bright 0-0: Swinging Strike
0-1: Ball
1-1: Ball
2-1: Ball
3-1: Base on Balls
Arthur Hall to second
Batting: RHB Chan-u O 0-0: Hit by Pitch
Arthur Hall to third
Patrick Bright to second
Batting: LHB Jeff Tucker 0-0: Ball
1-0: Ball
2-0: Ball
3-0: Called Strike
3-1: Foul Ball, location: 2F
3-2: Base on Balls
Arthur Hall scores
Patrick Bright to third
Chan-u O to second
Batting: LHB Pedro Rodríguez 0-0: Called Strike
0-1: Fly out, F9 (Flyball, 9M)
Runner from 3rd tags up, SCORES, throw made
Batting: RHB Jesús Cuevas 0-0: Ground out 6-3 (Groundball, 6)
Top of the 6th over - 2 run(s), 0 hit(s), 0 error(s), 2 left on base; Menlo 7 - Culver City 2
BOTTOM OF THE 6TH
Culver City Extras batting - Pitching for Menlo Maniacs : LHP Phil Davis
Batting: RHB Max Alexander 0-0: Foul Ball, location: 2F
0-1: Ball
1-1: Ball
2-1: Ball
3-1: Swinging Strike
3-2: Ground out 6-3 (Groundball, 6)
Batting: RHB Bob Magee 0-0: Called Strike
0-1: Called Strike
0-2: Fly out, F9 (Flyball, 9LM)
Batting: RHB Walton Smith 0-0: Ball
1-0: Ground out 6-3 (Groundball, 6)
Bottom of the 6th over - 0 run(s), 0 hit(s), 0 error(s), 0 left on base; Menlo 7 - Culver City 2
TOP OF THE 7TH
Menlo Maniacs batting - Pitching for Culver City Extras : RHP Mark Greene
Pitching: RHP José González
Batting: SHB António Trinidad 0-0: Fly out, F7 (Flyball, 78S)
Batting: RHB Ernest Russell 0-0: Ball
1-0: Called Strike
1-1: Ball
2-1: Swinging Strike
2-2: Ground out 6-3 (Groundball, 56)
Batting: RHB Steve Sampson 0-0: Ball
1-0: Foul Ball, location: 2F
1-1: Foul Ball, location: 2F
1-2: SOLO HOME RUN (Flyball, 78XD), Distance : 416 ft
Batting: LHB Arthur Hall 0-0: Called Strike
0-1: Ball
1-1: Fly out, F5 (Line Drive, 5S)
Top of the 7th over - 1 run(s), 1 hit(s), 0 error(s), 0 left on base; Menlo 8 - Culver City 2
BOTTOM OF THE 7TH
Culver City Extras batting - Pitching for Menlo Maniacs : LHP Phil Davis
Pitching: RHP Jorge Luna
Batting: LHB Edmund Ross 0-0: Called Strike
0-1: Called Strike
0-2: Foul Ball, location: 2F
0-2: Ball
1-2: Strikes out swinging
Batting: LHB Brian Ford 0-0: SINGLE (Groundball, 6M)
Batting: RHB Carlos Rodríguez 0-0: Swinging Strike
0-1: Ball
1-1: SINGLE (Line Drive, 7S)
Brian Ford to second
Batting: LHB Nick English 0-0: Ball
1-0: Called Strike
1-1: Ball
2-1: Ball
3-1: Base on Balls
Brian Ford to third
Carlos Rodríguez to second
Batting: RHB Jesús Hernández 0-0: Ball
1-0: Swinging Strike
1-1: Ball
2-1: Ball
3-1: Fly out, F8 (Popup, 8LS)
Batting: LHB Larry Howard 0-0: Called Strike
0-1: Ball
1-1: Ball
2-1: Ball
3-1: Base on Balls
Brian Ford scores
Carlos Rodríguez to third
Nick English to second
Batting: RHB Max Alexander 0-0: Called Strike
0-1: Ball
1-1: Ball
2-1: Foul Ball, location: 2F
2-2: TRIPLE (Line Drive, 78D)
Carlos Rodríguez scores
Nick English scores
Larry Howard scores
Pitching: RHP Jeff Davis
Batting: RHB Bob Magee 0-0: Ball
1-0: Ball
2-0: Ball
3-0: Called Strike
3-1: Base on Balls
Batting: RHB Walton Smith 0-0: Ball
Wild Pitch!
Max Alexander scores
Bob Magee to second
1-0: Foul Ball, location: 2F
1-1: Ball
2-1: Ball
3-1: Ground out 5-3 (Groundball, 56)
Bottom of the 7th over - 5 run(s), 3 hit(s), 0 error(s), 1 left on base; Menlo 8 - Culver City 7
TOP OF THE 8TH
Menlo Maniacs batting - Pitching for Culver City Extras : RHP José González
Batting: LHB Patrick Bright 0-0: Called Strike
0-1: Swinging Strike
0-2: SOLO HOME RUN (Line Drive, 9D), Distance : 409 ft
Batting: RHB Chan-u O 0-0: Foul Ball, location: 2F
0-1: Ball
1-1: Fly out, F7 (Flyball, 7LMF)
Batting: LHB Jeff Tucker 0-0: Ball
1-0: Foul Ball, location: 2F
1-1: Ball
2-1: Foul Ball, location: 2F
2-2: Strikes out looking
Batting: LHB Pedro Rodríguez 0-0: SINGLE (Groundball, 34) (infield hit)
Batting: RHB Jesús Cuevas 0-0: Ball
1-0: Ball
2-0: Called Strike
2-1: Reached on error, E1 (Groundball, 23)
Pedro Rodríguez to third
Batting: SHB António Trinidad 0-0: Ball
1-0: Ball
2-0: Ball
3-0: Called Strike
3-1: Called Strike
3-2: Fly out, F8 (Flyball, 89XD)
Top of the 8th over - 1 run(s), 2 hit(s), 1 error(s), 2 left on base; Menlo 9 - Culver City 7
BOTTOM OF THE 8TH
Culver City Extras batting - Pitching for Menlo Maniacs : RHP Jeff Davis
Now at 2B: Keitaro Suzuki
Now in RF: José Martínez
Batting: LHB Edmund Ross 0-0: Called Strike
0-1: Ball
1-1: Swinging Strike
1-2: Ball
2-2: Fly out, F9 (Line Drive, 89D)
Batting: LHB Brian Ford 0-0: Ball
1-0: Swinging Strike
1-1: Called Strike
1-2: Ball
2-2: SINGLE (Flyball, 8LS)
Batting: RHB Carlos Rodríguez 0-0: Grounds into double play, 2-6-3 (Groundball, 2R)
Bottom of the 8th over - 0 run(s), 1 hit(s), 0 error(s), 0 left on base; Menlo 9 - Culver City 7
TOP OF THE 9TH
Menlo Maniacs batting - Pitching for Culver City Extras : RHP José González
Pitching: RHP Von Hicks
Batting: RHB Ernest Russell 0-0: Swinging Strike
0-1: Swinging Strike
0-2: Strikes out swinging
Batting: RHB Steve Sampson 0-0: DOUBLE (Line Drive, 4M)
Batting: LHB Arthur Hall 0-0: Ball
1-0: Ball
2-0: Called Strike
2-1: Ball
3-1: Foul Ball, location: 2F
3-2: SINGLE (Flyball, 89S)
Steve Sampson to third
Batting: LHB Patrick Bright 0-0: Ball
1-0: Swinging Strike
1-1: Grounds into double play, 6-4-3 (Groundball, 6)
Top of the 9th over - 0 run(s), 2 hit(s), 0 error(s), 1 left on base; Menlo 9 - Culver City 7
BOTTOM OF THE 9TH
Culver City Extras batting - Pitching for Menlo Maniacs : RHP Jeff Davis
Pitching: RHP Steve Poe
Now at 3B: Luis Ramírez
Batting: LHB Nick English 0-0: SINGLE (Groundball, 6MD)
Pinch Hitting: LHB Tanyu Imai 0-0: Swinging Strike
0-1: Swinging Strike
0-2: Fielders Choice at 2nd, 4-6 (Groundball, 34)
Batting: LHB Larry Howard 0-0: Foul Ball, location: 2F
0-1: Swinging Strike
0-2: Ball
1-2: Ball
2-2: Ball
3-2: Ground out 3-1 (Groundball, 34)
Tanyu Imai to second
Batting: RHB Max Alexander 0-0: Called Strike
0-1: Foul Ball, location: 2F
0-2: Ball
1-2: Ball
2-2: Ball
3-2: Base on Balls
Pinch Hitting: RHB Tony Cruz 0-0: Called Strike
0-1: Ball
1-1: Foul Ball, location: 2F
1-2: Foul Ball, location: 2F
1-2: SINGLE (Flyball, 9LS)
Tanyu Imai to third
Max Alexander to second
Runner from 3rd tries for Home, SAFE, no throw or cutoff
Pinch Hitting: LHB Benny Richard 0-0: Ball
1-0: Foul Ball, location: 2F
1-1: Swinging Strike
Reached via error on a dropped throw, E1
Max Alexander to third
Tony Cruz to second
Pinch Hitting: RHB Bill Little 0-0: Called Strike
0-1: Foul Ball, location: 2F
0-2: Ball
1-2: Foul Ball, location: 2F
1-2: Ball
2-2: Foul Ball, location: 2F
2-2: Ball
3-2: Foul Ball, location: 2F
3-2: Base on Balls
Max Alexander scores
Tony Cruz to third
Benny Richard to second
Batting: LHB Brian Ford 0-0: Ball
1-0: Ball
2-0: Called Strike
2-1: Called Strike
2-2: Foul Ball, location: 2F
2-2: Strikes out looking
Bottom of the 9th over - 2 run(s), 2 hit(s), 1 error(s), 3 left on base; Menlo 9 - Culver City 9
TOP OF THE 10TH
Menlo Maniacs batting - Pitching for Culver City Extras : RHP Von Hicks
Pitching: RHP Pedro Días
Now at C: Bill Little
Now at 3B: Jesús Aquino
Now in LF: Ronaldo Gois
Now in RF: Tanyu Imai
Pinch Hitting: LHB Marcos Pérez 0-0: Called Strike
0-1: Ball
1-1: Foul Ball, location: 2F
1-2: Strikes out looking
Pinch Hitting: LHB Adam Lowe 0-0: Fly out, F5 (Popup, 5L)
Batting: LHB Pedro Rodríguez 0-0: DOUBLE (Flyball, 89M)
Pinch Hitting: LHB Ron McCoy 0-0: Swinging Strike
0-1: Called Strike
0-2: Ball
1-2: Foul Ball, location: 2F
1-2: Ball
2-2: Strikes out looking
Top of the 10th over - 0 run(s), 1 hit(s), 0 error(s), 1 left on base; Menlo 9 - Culver City 9
BOTTOM OF THE 10TH
Culver City Extras batting - Pitching for Menlo Maniacs : RHP Steve Poe
Now at 2B: Ron McCoy
Now in CF: Marcos Pérez
Now in RF: Adam Lowe
Pinch Hitting: LHB Richard Bell 0-0: Swinging Strike
0-1: Swinging Strike
0-2: Ball
1-2: Strikes out looking
Batting: LHB Nick English 0-0: Called Strike
0-1: Ground out 4-3 (Groundball, 4)
Batting: LHB Tanyu Imai 0-0: Called Strike
0-1: Called Strike
0-2: Ground out U3 (Groundball, 3L)
Bottom of the 10th over - 0 run(s), 0 hit(s), 0 error(s), 0 left on base; Menlo 9 - Culver City 9
TOP OF THE 11TH
Menlo Maniacs batting - Pitching for Culver City Extras : RHP Pedro Días
Now at SS: Horace Johnson
Pinch Hitting: RHB Philip Burke 0-0: Ball
1-0: Swinging Strike
1-1: Ball
2-1: Foul Ball, location: 2F
2-2: Strikes out swinging
Batting: RHB Ernest Russell 0-0: Fly out, F3 (Popup, 3SF)
Batting: RHB Steve Sampson 0-0: Ground out 6-3 (Groundball, 6)
Top of the 11th over - 0 run(s), 0 hit(s), 0 error(s), 0 left on base; Menlo 9 - Culver City 9
BOTTOM OF THE 11TH
Culver City Extras batting - Pitching for Menlo Maniacs : RHP Steve Poe
Pitching: RHP Steve Standard
Now at C: Richie Miller
Batting: LHB Larry Howard 0-0: Ball
1-0: Ball
2-0: Ball
3-0: Called Strike
3-1: Base on Balls
Batting: RHB Max Alexander 0-0: Called Strike
Larry Howard is caught stealing 2nd base
0-1: SINGLE (Line Drive, 4M)
Pinch Hitting: RHB Ben Alexander 0-0: Ball
Throwing error on steal attempt, E2
Max Alexander to third
1-0: Intentional Walk
Batting: LHB Ronaldo Gois 0-0: Ground out U3 (Groundball, 3L)
Ben Alexander to second
Batting: RHB Bill Little 0-0: Foul Ball, location: 2F
0-1: Called Strike
0-2: Strikes out looking
Bottom of the 11th over - 0 run(s), 1 hit(s), 1 error(s), 2 left on base; Menlo 9 - Culver City 9
TOP OF THE 12TH
Menlo Maniacs batting - Pitching for Culver City Extras : RHP Pedro Días
Pitching: RHP Ryan Balloun
Now at 3B: Artie Pennington
Batting: LHB Arthur Hall 0-0: Called Strike
0-1: Ball
1-1: DOUBLE (Line Drive, 9D)
Pinch Hitting: LHB Marcos Vázquez 0-0: Called Strike
0-1: SINGLE (Groundball, 4M)
Arthur Hall to third
Batting: LHB Marcos Pérez 0-0: Ball
1-0: DOUBLE (Line Drive, 89XD)
Arthur Hall scores
Marcos Vázquez to third
Batting: LHB Adam Lowe 0-0: Swinging Strike
0-1: Foul Ball, location: 2F
0-2: 3-RUN HOME RUN (Flyball, 9D), Distance : 405 ft
Pitching: RHP Tyler Kirkland
Batting: LHB Pedro Rodríguez 0-0: Fly out, F7 (Flyball, 7LM)
Batting: LHB Ron McCoy 0-0: Ball
1-0: Ground out 4-3 (Groundball, 4)
Batting: RHB Richie Miller 0-0: Called Strike
0-1: Ball
1-1: Foul Ball, location: 2F
1-2: Ball
2-2: Foul Ball, location: 2F
2-2: Ball
3-2: Fly out, F4 (Line Drive, 34D)
Top of the 12th over - 4 run(s), 4 hit(s), 0 error(s), 0 left on base; Menlo 13 - Culver City 9
BOTTOM OF THE 12TH
Culver City Extras batting - Pitching for Menlo Maniacs : RHP Steve Standard
Now at 3B: Robert Downing
Batting: LHB Brian Ford 0-0: Called Strike
0-1: Ball
1-1: Ball
2-1: Foul Ball, location: 2F
2-2: Ball
3-2: Foul Ball, location: 2F
3-2: Fly out, F7 (Flyball, 78M)
Batting: RHB Horace Johnson 0-0: Ball
1-0: Swinging Strike
1-1: Ball
2-1: Ground out 4-3 (Groundball, 34)
Batting: LHB Nick English 0-0: Swinging Strike
0-1: Ball
1-1: Fly out, F9 (Flyball, 9LM)
Bottom of the 12th over - 0 run(s), 0 hit(s), 0 error(s), 0 left on base; Menlo 13 - Culver City 9
This league is powered by Out of the Park Baseball, the baseball management simulation game for PC, Mac and Linux
Tuesday, August 2nd, 2016 - OOTP Baseball 16.8 Build 38